 Dungeon Crawl Stone Soup version 0.29.1-14-g9c671dbff4 (webtiles) character file.

Game seed: 1628522596478941946

112 DemonSlayer the Digger (level 4, -7/30 HPs)
             Began as a Demonspawn Earth Elementalist on Feb 18, 2023.
             Killed by divine providence
             ... invoked by an orc priest
              (13 damage)
             ... on level 3 of the Dungeon.
             The game lasted 00:03:02 (2543 turns).

DemonSlayer the Digger (DsEE)                       Turns: 2543, Time: 00:03:02

Health: -7/30      AC:  5    Str: 14    XL:     4   Next: 63%
Magic:  8/8        EV: 12    Int: 18    God:
Gold:   103        SH:  0    Dex: 14    Spells: 5/9 levels left

rFire   + . .      SeeInvis .   (no weapon)
rCold   . . .      Faith    .   (no shield)
rNeg    . . .      Spirit   .   a - +0 robe
rPois   .          Reflect  .   (no helmet)
rElec   .          Harm     .   (no cloak)
rCorr   .          Rampage  .   q - +0 pair of gloves
Will    .....                   (no boots)
Stlth   +.........              (no amulet)
HPRegen 0.10/turn               e - ring of protection from fire
MPRegen 0.11/turn               h - +6 ring of strength

@: confused
A: hooves 1, slimy green scales 1
a: no special abilities


You were on level 3 of the Dungeon.
You visited 1 branch of the dungeon, and saw 3 of its levels.

You collected 103 gold pieces.

Inventory:

Armour
 a - a +0 robe (worn)
 q - a +0 pair of gloves (worn)
Jewellery
 e - a ring of protection from fire (left hand)
 h - a +6 ring of strength (right hand)
Scrolls
 d - 2 scrolls of identify {unknown}
 f - a scroll of amnesia {unknown}
 g - a scroll of enchant weapon {unknown}
 k - a scroll of vulnerability {unknown}
 o - a scroll of teleportation {unknown}
 r - a scroll of silence {unknown}
Potions
 c - a potion of curing {unknown}
 i - 2 potions of mutation {unknown}
 j - a potion of resistance {unknown}
 l - a potion of flight {unknown}
 m - a potion of lignification {unknown}
 n - a potion of degeneration {unknown}
 p - 2 potions of invisibility {unknown}


   Skills:
 + Level 2.3 Dodging
 + Level 2.1 Stealth
 + Level 0.5 Unarmed Combat
 + Level 3.1 Spellcasting
 + Level 0.8 Transmutations
 + Level 3.6 Earth Magic


You had 5 spell levels left.
You knew the following spells:

 Your Spells              Type           Power      Damage    Failure   Level
a - Sandblast             Erth           32%        2d9       3%          1
b - Stone Arrow           Conj/Erth      18%        3d8       22%         3

Your spell library contained the following spells:

 Spells                   Type           Power      Damage    Failure   Level
 Passwall                 Tmut/Erth      8%         N/A       10%         2
 Petrify                  Tmut/Erth      10%        N/A       54%         4


Dungeon Overview and Level Annotations

Branches:
Dungeon (3/15)

Altars:


Innate Abilities, Weirdness & Mutations

You have large cloven feet.
You are partially covered in slimy green scales. (AC +2)


Message History

Confirm with . or Enter, or press ? or * to list all spells.
Aiming: Sandblast (safe; 4% risk of failure)
Press: ? - help, Shift-Dir - straight line, f/p - orc priest
Aim: an orc priest, wielding a +0 dagger (severely wounded, 82% to hit)
The blast of sand hits the orc priest!
You kill the orc priest!
The goblin unwields a +0 club.
The goblin wields a +0 sling.
The goblin shoots a sling bullet.
The sling bullet hits you but does no damage.
The orc wizard casts a spell at you. You resist with some effort.
The orc closely misses you.
The orc wizard hits you but does no damage.
Your Spellcasting skill increases to level 3!
Casting: Sandblast (safe; 3% risk of failure)
Confirm with . or Enter, or press ? or * to list all spells.
Aiming: Sandblast (safe; 3% risk of failure)
Press: ? - help, Shift-Dir - straight line, f - orc
Aim: an orc, wielding a +0 club and quivering boomerangs (82% to hit)
The blast of sand hits the orc!
You kill the orc!
The orc wizard casts a spell at you. You resist with some effort.
Magic courses through your body. The orc wizard casts a spell at you.
You are confused.
The orc priest closely misses you.
You're too confused to cast spells.
The orc wizard closely misses you.
The orc priest hits you but does no damage.
Unknown command.
You're too confused to cast spells.
The orc priest barely misses you.
The orc wizard hits you with a +0 dagger.
You're too confused to cast spells.
The orc wizard points at you and mumbles some strange words.
The puff of flame hits you. You resist.
* * * LOW HITPOINT WARNING * * *
The orc priest invokes the aid of Beogh against you.
Beogh smites you!
You die...

### .# .... ..#########
..# ....
..#.......######.#.....
..............##.#...#...
.........................
#................#....Sr.
.................#......≈
.................#.......
..............##@#.....#.
..#............oo#.......
..#.............gS.......
..#......................
.............##..........
............. #.....#....
............ #.....# .##
..†........ #.....# ..
........... ....... .


You could see an orc priest, an orc wizard, a goblin and a ball python.

Vanquished Creatures
  An orc priest (D:3)
  2 adders
  A worm (D:3)
  2 dart slugs (D:1)
  An orc (D:3)
  3 endoplasms
  4 giant cockroaches
  3 goblins (D:1)
  3 hobgoblins (D:2)
  6 jackals (D:1)
  4 kobolds (D:1)
  3 quokkas
  4 ball pythons
  4 bats
  5 frilled lizards
  6 rats
52 creatures vanquished.

Notes
Turn   | Place    | Note
-------+----------+-------------------------------------------
     0 | D:1      | DemonSlayer the Demonspawn Earth Elementalist began the
                  | quest for the Orb.
     0 | D:1      | Reached XP level 1. HP: 13/13 MP: 3/3
   207 | D:1      | Gained mutation: You have large cloven feet. [demonic
                  | ancestry]
   207 | D:1      | Reached XP level 2. HP: 19/19 MP: 3/5
   468 | D:1      | Found a faded altar of an unknown god.
   733 | D:1      | Gained mutation: You are partially covered in slimy green
                  | scales. (AC +2) [demonic ancestry]
   733 | D:1      | Reached XP level 3. HP: 23/24 MP: 4/6
  1260 | D:1      | Learned a level 3 spell: Stone Arrow
  2280 | D:3      | Reached XP level 4. HP: 16/30 MP: 4/8
  2543 | D:3      | Killed from afar by an orc priest

Illustrated notes

Levels and vault maps discovered:
D:1:      amcnicky_arrival_choice, layout_loops_cross,
          hellmonk_ecumenical_altar_dog_temple
D:2:      layout_loops_ring
D:3:      layout_basic, serial_shops, nicolae_shop_advertising_works
          [nicolae_subvault_shop_adworks], nicolae_kite_square_tiling_tiny,
          minivault_19, minmay_goblin_outpost

Skill      XL: |  1  2  3  4 |
---------------+-------------+-----
Dodging        | 2 |  2.3
Stealth        | 2 |  2.1
Earth Magic    | 3 |  3.6
Spellcasting   | 3 |  3.1
Unarmed Combat | |  0.5
Transmutations | |  0.8

Action                   |  1- 3 |  4- 6 || total
-------------------------+-------+-------++-------
Melee: Unarmed           |    25 |       ||    25
       Kick              |     9 |       ||     9
 Cast: Sandblast         |    63 |    11 ||    74
  Use: Potion            |       |     1 ||     1
Armor: Robe              |    10 |     7 ||    17
Dodge: Dodged            |    33 |    16 ||    49
